 Dungeon Crawl Stone Soup version 0.28-a0-691-gad6df49e81 (webtiles) character file.

Game seed: 1396123711877714270

60 lawman0 the Stinger (level 3, -3/24 HPs)
             Began as a Demonspawn Venom Mage on Oct 22, 2021.
             Slain by Grinder (7 damage)
             ... while paralysed by Grinder
             ... on level 3 of the Dungeon.
             The game lasted 00:03:23 (3878 turns).

lawman0 the Stinger (Demonspawn Venom Mage)         Turns: 3878, Time: 00:03:23

Health: -3/24      AC:  5    Str:  8    XL:     3   Next: 82%
Magic:  6/6        EV:  2    Int: 17    God:
Gold:   21         SH:  0    Dex: 13    Spells: 0/6 levels left

rFire   . . .      SeeInvis +   h - +0 short sword
rCold   . . .      Faith    .   (no shield)
rNeg    . . .      Spirit   .   a - +0 robe
rPois   .          Reflect  .   (helmet restricted)
rElec   .          Harm     .   (no cloak)
rCorr   .          Rampage  .   (no gloves)
Will    .....                   l - +0 pair of boots
Stlth   ++........              (no amulet)
HPRegen 0.08/turn               d - ring of see invisible
MPRegen 0.10/turn               (no ring)

@: paralysed
A: antennae 1, slimy green scales 1
a: no special abilities


You were on level 3 of the Dungeon.
You visited 1 branch of the dungeon, and saw 3 of its levels.

You collected 21 gold pieces.

Inventory:

Hand Weapons
 h - a +0 short sword (weapon)
Missiles
 o - 2 javelins
Armour
 a - a +0 robe (worn)
 l - a +0 pair of boots (worn)
Jewellery
 d - a ring of see invisible (left hand)
Scrolls
 c - 2 scrolls of teleportation {unknown}
 f - a scroll of identify {unknown}
 g - 2 scrolls of amnesia {unknown}
 j - a scroll of vulnerability {unknown}
 m - a scroll of noise {unknown}
 n - a scroll of acquirement {unknown}
Potions
 b - a potion of curing {unknown}
 e - a potion of ambrosia {unknown}
 i - a potion of might {unknown}
 k - a potion of heal wounds {unknown}


   Skills:
 + Level 0.1 Fighting
 + Level 2.1 Dodging
 + Level 1.9 Stealth
 + Level 2.3 Spellcasting
 + Level 1.2 Transmutations
 + Level 0.2 Air Magic
 * Level 4.1 Poison Magic


You couldn't memorise any spells.
You knew the following spells:

 Your Spells              Type           Power      Damage    Failure   Level
a - Sting                 Tmut/Pois      44%        1d5       6%          1
b - Poisonous Vapours     Pois/Air       18%        N/A       12%         2
c - Mephitic Cloud        Conj/Pois/Air  6%         N/A       30%         3

Your spell library contained the following spells:

 Spells                   Type           Power      Damage    Failure   Level
 Olgreb's Toxic Radiance  Pois           15%        N/A       34%         4
 Fireball                 Conj/Fire      0%         3d3       99%         5
 Iskenderun's Battlesphe  Conj           1%         2d6       99%         5
 Conjure Ball Lightning   Conj/Air       1%         3x3d6     100%        6
 Orb of Destruction       Conj           0%         N/A       100%        7


Dungeon Overview and Level Annotations

Branches:
Dungeon (3/15)

Altars:
The Shining One

Annotations:
D:3 Grinder


Innate Abilities, Weirdness & Mutations

You have a pair of small antennae on your head.
You are partially covered in slimy green scales. (AC +2)


Message History

Aiming: Poisonous Vapours (safe; 12% risk of failure)
Press: ? - help, Dir - move target, f - orc
Aim: an orc, wielding a +0 hand axe and wearing a +0 ring mail Poisonous vapours surround the orc!
The orc is poisoned.
Unknown command.
The orc looks more healthy.
You hit the orc but do no damage.
The orc is heavily wounded.
The orc barely misses you.
You hit the orc but do no damage.
The orc is heavily wounded.
The orc misses you.
You hit the orc but do no damage.
The orc is heavily wounded.
The orc barely misses you.
You hit the orc.
You kill the orc!
Things that are here:
a +0 hand axe; a +0 ring mail Grinder comes into view.
Grinder is nearby!
Grinder is nearby!
Grinder shouts!
Grinder drinks a potion.
Grinder seems to speed up.
Grinder hits you.
You writhe in agony.
Grinder misses you.
You barely miss Grinder. Grinder hits you!
You writhe in agony.
* * * LOW HITPOINT WARNING * * *
You are too injured to fight recklessly!
You are too injured to fight recklessly!
You hit Grinder.
Grinder is lightly wounded.
Grinder gestures at you.
You suddenly lose the ability to move!
Grinder hits you but does no damage. Grinder gestures at you.
You shrug off the repeated paralysis!
Grinder gestures at you. Pain shoots through your body!
* * * LOW HITPOINT WARNING * * *
Grinder hits you!
You die...

... #.# #. #.# .
#.# .# #.###.##
#.#.. . #5#.#.#
#@#.#.#.#..
#########
#..........
#.......#
###.###.#. ##
#.#####.#####.###.#
.#
#.#...............#
.#
#.#.......##.######
.#####.#..##<..##.#
..)............##.#
.#####.........##.#


You could see Grinder (fast).

Vanquished Creatures
  A gnoll (D:3)
  An adder (D:2)
  A dart slug (D:1)
  An orc (D:3)
  3 endoplasms
  2 giant cockroaches (D:1)
  9 goblins
  4 hobgoblins (D:1)
  3 kobolds
  3 quokkas
  4 bats
  3 frilled lizards (D:1)
  A rat (D:1)
36 creatures vanquished.

Notes
Turn   | Place    | Note
-------+----------+-------------------------------------------
     0 | D:1      | lawman0 the Demonspawn Venom Mage began the quest for the
                  | Orb.
     0 | D:1      | Reached XP level 1. HP: 13/13 MP: 3/3
    77 | D:1      | sick
   105 | D:1      | Found a faded altar of an unknown god.
   320 | D:1      | Reached skill level 1 in Transmutations
   451 | D:1      | Gained mutation: You have a pair of small antennae on your
                  | head. [demonic ancestry]
   451 | D:1      | Reached XP level 2. HP: 19/19 MP: 1/5
   982 | D:1      | Learned a level 2 spell: Poisonous Vapours
  1607 | D:1      | Gained mutation: You are partially covered in slimy green
                  | scales. (AC +2) [demonic ancestry]
  1607 | D:1      | Reached XP level 3. HP: 23/24 MP: 4/6
  1999 | D:1      | Learned a level 3 spell: Mephitic Cloud
  2740 | D:2      | HP: 1/24 [poisoned by an adder]
  3706 | D:3      | Reached skill level 4 in Poison Magic
  3871 | D:3      | Noticed Grinder
  3876 | D:3      | Paralysed by Grinder for 4 turns
  3878 | D:3      | Slain by Grinder

Illustrated notes

#.## #.# #.#
#.# ##.##
##...##
##.....####
#.......).#
##@....##.....
##...#.# ####
#..##.# #.##
.# ##. ## . ..
#.


Turn 77 on D:1: sick

Levels and vault maps discovered:
D:1:      onia_arrival_mini_maze, layout_loops_cross,
          hellmonk_ecumenical_altar_prayer_group
D:2:      layout_basic, minmay_hedge_maze
D:3:      layout_loops_cross, nicolae_kikubaaqudgha_miasma_corner, tso_altar,
          general_overflow_altar, uniq_grinder, uniq_jessica

Skill      XL: |  1  2  3 |
---------------+----------+-----
Transmutations | 1 |  1.2
Dodging        | 2 |  2.1
Poison Magic   | 4 |  4.1
Fighting       | |  0.1
Stealth        | |  1.9
Spellcasting   | |  2.3
Air Magic      | |  0.2

Action                   || total
-------------------------++-------
Melee: Dagger            ||    46
       Unarmed           ||     2
       Short sword       ||    30
 Cast: Sting             ||    42
       Poisonous Vapours ||    14
 Stab: Sleeping          ||     3
Armor: Robe              ||    20
Dodge: Dodged            ||    61

Table legend: (Time is in decaauts)
 A = Elapsed time spent in this place.
 B = Non-inter-level travel time spent in this place.
 C = Inter-level travel time spent in this place.
 D = Time resting spent in this place.
 E = Time spent auto-exploring this place.
 F = Levels seen in this place.
 G = Mean time per level.
                   A        B        C        D        E       F      G
               +--------+--------+--------+--------+--------+-----+--------+
         Total |   3878 |   3692 |    186 |    634 |   2676 |   3 | 1292.7 |
       Dungeon |   3878 |   3692 |    186 |    634 |   2676 |   3 | 1292.7 |
               +--------+--------+--------+--------+--------+-----+--------+

Top non-repeatable levels by time:
     D:1: 1999 daAuts
     D:2: 1619 daAuts
     D:3: 260 daAuts
